AoeStats
← Joselu9710

Arabian Desert

510193706Analyzed
1v1 RM · 18h ago on Sep 29, 2026· 34m 46s· 2 players
Game mode
Random Map
Map size
Tiny (2 player)
Population
200
Speed
Normal
Resources
Standard
Victory
Conquest
Starting age
Dark Age
Ending age
Imperial Age
RankedLock teamsTeams togetherTeam positionsShared explorationLock speedFull tech treeHidden civsTurbo modeCheats
Victory
Defeat
🇪🇸 Britons · Spain
1986
+20
🇩🇰 Celts · Denmark
2085
-20
DK | Mauseren
7:38 Loom
10:38 Feudal Age
10:49 Man-at-Arms
16:08 Fletching
21:17 Castle Age
19:40 Padded Archer Armor
20:41 Horse Collar
21:59 Bodkin Arrow
21:45 Elite Skirmisher
25:45 Leather Archer Armor
Joselu9710
6:28 Loom
8:47 Feudal Age
9:37 Double-Bit Axe
13:53 Town Watch
15:11 Fletching
18:00 Padded Archer Armor
24:08 Castle Age
23:38 Scale Barding Armor
25:03 Bodkin Arrow
24:29 Elite Skirmisher
27:31 Horse Collar
28:07 Bow Saw
29:50 Gold Mining
31:48 Light Cavalry
32:54 Husbandry
34:01 Ballistics
34:20 Wheelbarrow
Connection lost

Rejoining the realm…

Still unreachable

The connection could not be restored.

Session expired

The server has moved on; the page needs a fresh start.